 Dungeon Crawl Stone Soup version 0.30.1-4-g462c640d31 (webtiles) character file.

Game seed: 14610941344005406846

79 GimliDwarf the Magician (level 4, 0/38 HPs)
             Began as a Gnoll Wanderer on Aug 19, 2023.
             Slain by a gnoll
             ... wielding a +0 club
              (2 damage)
             ... on level 1 of the Dungeon.
             The game lasted 00:03:48 (1686 turns).

GimliDwarf the Magician (Gnoll Wanderer)            Turns: 1686, Time: 00:03:49

Health: 0/38       AC:  7    Str: 11    XL:     4   Next: 38%
Magic:  11/11      EV:  9    Int: 14    God:
Gold:   51         SH:  0    Dex: 11    Spells: 12/13 levels left

rFire   . . .        a - +0 hand axe
rCold   . . .        (no shield)
rNeg    . . .        b - +0 scale mail
rPois   .            (no helmet)
rElec   .            (no cloak)
rCorr   .            (no gloves)
SInv    .            (no boots)
Will    .....        (no amulet) Stlth
                     (no ring)
HPRegen 0.26/turn    (no ring)
MPRegen 0.12/turn

%: no passive effects
@: no status effects
A: fangs 1, strong nose, distributed training
a: no special abilities


You were on level 1 of the Dungeon.
You visited 1 branch of the dungeon, and saw 2 of its levels.

You collected 51 gold pieces.

Inventory:

Hand Weapons
 a - a +0 hand axe (weapon)
 f - a +2 vampiric dagger
 g - a +0 shortbow
 k - a +2 heavy flail
Armour
 b - a +0 scale mail (worn)
Jewellery
 j - an amulet of guardian spirit
Scrolls
 c - 2 scrolls of teleportation
Potions
 d - a potion of brilliance
 e - a potion of might {unknown}
 h - a potion of ambrosia {unknown}
 i - a potion of invisibility {unknown}


   Skills:
 + Level 4.6 Fighting
 + Level 1.2 Short Blades
 + Level 1.2 Long Blades
 + Level 4.6 Axes
 + Level 1.2 Maces & Flails
 + Level 1.2 Polearms
 + Level 1.2 Staves
 + Level 1.2 Ranged Weapons
 + Level 1.2 Throwing
 + Level 4.6 Armour
 + Level 1.2 Dodging
 + Level 1.2 Stealth
 + Level 1.2 Shields
 + Level 1.2 Unarmed Combat
 + Level 5.1 Spellcasting
 + Level 1.0 Conjurations
 + Level 3.8 Hexes
 + Level 1.0 Summonings
 + Level 1.0 Necromancy
 + Level 1.0 Translocations
 + Level 1.0 Transmutations
 + Level 1.0 Fire Magic
 + Level 1.0 Ice Magic
 + Level 1.0 Air Magic
 + Level 1.0 Earth Magic
 + Level 1.0 Poison Magic
 + Level 1.3 Invocations
 + Level 1.2 Evocations


You had 12 spell levels left.
You knew the following spells:

 Your Spells              Type           Power      Damage    Failure   Level
a - Slow                  Hex            56%        N/A       19%         1

Your spell library contained the following spells:

 Spells                   Type           Power      Damage    Failure   Level
 Magic Dart               Conj           24%        1d4       52%         1
 Call Imp                 Summ           12%        N/A       65%         2
 Dazzling Flash           Conj/Hex       20%        N/A       69%         3
 Mephitic Cloud           Conj/Pois/Air  6%         N/A       87%         3
 Cause Fear               Hex            7%         N/A       88%         4


Dungeon Overview and Level Annotations

Branches:
Dungeon (2/15)

Altars:


Innate Abilities, Weirdness & Mutations

You have very sharp teeth.
Your uncanny sense of smell can sniff out nearby items.
Your experience applies equally to all skills.


Message History

There is a stone staircase leading up, spattered with blood here.
The gnoll hits you with a +0 halberd! The gnoll hits you but does no damage.
You climb upwards.
There is a stone staircase leading down here.
Unknown command.
The gnoll hits you with a +0 club. The gnoll hits you but does no damage.
The gnoll hits you with a +0 club. The gnoll hits you but does no damage.
The gnoll attacks as you move away! The gnoll hits you with a +0 club.
You hit the gnoll.
The gnoll is lightly wounded.
The gnoll hits you with a +0 club. The gnoll hits you but does no damage.
The gnoll barely misses you. The gnoll misses you.
You hit the gnoll but do no damage. Your punch misses the gnoll.
You bite the gnoll.
The gnoll is moderately wounded.
The gnoll hits you but does no damage.
The gnoll hits you from afar with a +0 halberd!
* * * LOW HITPOINT WARNING * * *
You hit the gnoll.
The gnoll is moderately wounded.
The gnoll barely misses you. x2
You hit the gnoll but do no damage.
The gnoll is moderately wounded.
The gnoll hits you but does no damage. The gnoll closely misses you.
You closely miss the gnoll. Your bite misses the gnoll.
The gnoll is moderately wounded.
The gnoll misses you. The gnoll barely misses you.
You barely miss the gnoll.
The gnoll is moderately wounded.
The gnoll barely misses you. The gnoll hits you but does no damage.
You slash the gnoll!
The gnoll is almost dead.
The gnoll hits you with a +0 club.
* * * LOW HITPOINT WARNING * * *
The gnoll hits you from afar with a +0 halberd.
* * * LOW HITPOINT WARNING * * *
You hit the gnoll but do no damage.
The gnoll is almost dead.
The gnoll hits you with a +0 club.
You die...

.# #...........##### #...#..
## #...........#...#
##.#.#.. #
#...........#...#####..#.#..
#
#...........#...+......#.#..
#
####'####.##....######.#.#..
#..............######.#.#..
#.................)...#.#.#
#.....).###############.#..
#...(>..gg@.............#..
#########################.#
#......)....# #.#
#.#########.# #.#
#.#.........# #.#
#.........### #.#
###.#####.# #.# #.#...#.#
#.# #.#.#.#.# #.#


You could see 2 gnolls.

Vanquished Creatures
  3 gnolls (D:1)
  An adder (D:1)
  A dart slug (D:1)
  7 endoplasms (D:1)
  2 giant cockroaches (D:1)
  4 goblins
  2 hobgoblins
  9 kobolds (D:1)
  2 quokkas
  2 ball pythons (D:1)
  4 bats (D:2)
37 creatures vanquished.

Notes
Turn   | Place    | Note
-------+----------+-------------------------------------------
     0 | D:1      | GimliDwarf the Gnoll Wanderer began the quest for the Orb.
     0 | D:1      | GimliDwarf set off with the following items: a +0 hand axe,
                  | a +0 scale mail, a scroll of teleportation; and the
                  | following spell memorised: Slow; and the following spells
                  | available to memorise: Dazzling Flash, Cause Fear.
     0 | D:1      | Reached XP level 1. HP: 20/20 MP: 6/6
    47 | D:1      | Reached XP level 2. HP: 15/26 MP: 7/7
   363 | D:1      | Reached skill level 5 in Spellcasting
   363 | D:1      | Reached XP level 3. HP: 31/31 MP: 7/9
  1003 | D:1      | Reached skill level 1 in Invocations
  1380 | D:2      | Reached skill level 1 in Short Blades
  1380 | D:2      | Reached skill level 1 in Long Blades
  1380 | D:2      | Reached skill level 1 in Maces & Flails
  1380 | D:2      | Reached skill level 1 in Polearms
  1380 | D:2      | Reached skill level 1 in Staves
  1380 | D:2      | Reached skill level 1 in Ranged Weapons
  1380 | D:2      | Reached skill level 1 in Throwing
  1380 | D:2      | Reached skill level 1 in Dodging
  1380 | D:2      | Reached skill level 1 in Stealth
  1380 | D:2      | Reached skill level 1 in Shields
  1380 | D:2      | Reached skill level 1 in Unarmed Combat
  1380 | D:2      | Reached skill level 1 in Evocations
  1488 | D:1      | Reached XP level 4. HP: 33/38 MP: 11/11
  1588 | D:1      | Reached skill level 1 in Conjurations
  1588 | D:1      | Reached skill level 1 in Summonings
  1588 | D:1      | Reached skill level 1 in Necromancy
  1588 | D:1      | Reached skill level 1 in Translocations
  1588 | D:1      | Reached skill level 1 in Transmutations
  1588 | D:1      | Reached skill level 1 in Fire Magic
  1588 | D:1      | Reached skill level 1 in Ice Magic
  1588 | D:1      | Reached skill level 1 in Air Magic
  1588 | D:1      | Reached skill level 1 in Earth Magic
  1588 | D:1      | Reached skill level 1 in Poison Magic
  1686 | D:1      | Slain by a gnoll

Illustrated notes

Levels and vault maps discovered:
D:1:      dpeg_arrival_connections, layout_basic
D:2:      layout_loops_cross, basic_altar, uniq_natasha

Skill      XL: |  1  2  3  4 |
---------------+-------------+-----
Spellcasting   | 5 |  5.1
Invocations    | 1 |  1.3
Short Blades   | 1 |  1.2
Long Blades    | 1 |  1.2
Maces & Flails | 1 |  1.2
Polearms       | 1 |  1.2
Staves         | 1 |  1.2
Ranged Weapons | 1 |  1.2
Throwing       | 1 |  1.2
Dodging        | 1 |  1.2
Stealth        | 1 |  1.2
Shields        | 1 |  1.2
Unarmed Combat | 1 |  1.2
Evocations     | 1 |  1.2
Conjurations   | 1 |  1.0
Summonings     | 1 |  1.0
Necromancy     | 1 |  1.0
Translocations | 1 |  1.0
Transmutations | 1 |  1.0
Fire Magic     | 1 |  1.0
Ice Magic      | 1 |  1.0
Air Magic      | 1 |  1.0
Earth Magic    | 1 |  1.0
Poison Magic   | 1 |  1.0
Fighting       | |  4.6
Axes           | |  4.6
Armour         | |  4.6
Hexes          | |  3.8

Action                     |  1- 3 |  4- 6 || total
---------------------------+-------+-------++-------
  Melee: Hand axe          |   125 |    14 ||   139
         Bite              |    11 |     1 ||    12
    Use: Scroll            |     3 |       ||     3
 Armour: Scale mail        |    65 |     8 ||    73
  Dodge: Dodged            |    55 |    16 ||    71
